Oilers vs Sabres

Created - March 6 2012 at 16:53

Goals
1 2 3 T
Oilers 3 1 0 4
Sabres 1 1 0 2
Shots
1 2 3 T
Oilers 21 7 2 30
Sabres 5 10 13 28

Period #1

1. Oilers , Stephen Weiss 35 (Chris Phillips, Dany Heatley) at 2:43 (PP)
2. Oilers , Dany Heatley 41 (Roman Hamrlik, Steve Sullivan) at 11:15 (PP)
3. Oilers , Roman Hamrlik 10 (Dany Heatley, Stephen Weiss) at 13:13 (PP)
4. Sabres , David Legwand 17 (Jay Bouwmeester, Tuomo Ruutu) at 16:07 (PP)

Penalties :
Tyler Myers (BUF) for Boarding (Minor) at 2:29, Stephen Weiss (EDM) for Holding (Minor) at 3:12, Mike Richards (BUF) for Tripping (Minor) at 9:19, Brad Stuart (BUF) for Slashing (Minor) at 12:36, Dan Cleary (BUF) for Fighting (Major) at 15:47, Radek Dvorak (EDM) for Fighting (Major) at 15:47, Radek Dvorak (EDM) for instigated a fight (Game Misconduct) at 15:47

Period #2

5. Oilers , Dany Heatley 42 (Roman Hamrlik, Stephen Weiss) at 3:46 (PP)
6. Sabres , Jordan Staal 19 (Dan Cleary, Trevor Daley) at 15:13

Penalties :
Jordan Staal (BUF) for Hooking (Minor) at 1:56, Dany Heatley (EDM) for Holding (Minor) at 8:53, Tuomo Ruutu (BUF) for Hooking (Minor) at 17:26, Chris Phillips (EDM) for Hooking (Minor) at 17:26

Period #3

No Goal

Penalties :
Tyler Myers (BUF) for Hooking (Minor) at 3:09, Scott Nichol (EDM) for Boarding (Minor) at 7:24, Mike Weaver (EDM) for Tripping (Minor) at 14:01, Adam Burish (EDM) for High sticking (Minor) at 19:08

Goalie Stats

Kari Lehtonen (EDM), 26 saves from 28 shots - (0.929), W, 26-25-7, 60:00 minutes
Corey Crawford (BUF), 26 saves from 30 shots - (0.867), L, 27-31-2, 60:00 minutes

Players Stats

Oilers
Player Name              G  A  P  +/- PIM S  H  SB FO    MP 
------------------------------------------------------------
Adam Burish              0  0  0  -1  2   2  3  0  1/3   17 
Alexandre Giroux         0  0  0   0  0   0  0  0  0/0   3  
Andrew Ladd              0  0  0   0  0   6  0  1  3/3   19 
Brent Sopel              0  0  0   0  0   0  2  2  0/0   14 
Chris Phillips           0  1  1   0  2   2  2  2  0/0   22 
Dany Heatley             2  2  4  -1  2   6  1  0  2/2   18 
Derek Roy                0  0  0   0  0   3  1  1  15/29 21 
Jochen Hecht             0  0  0   0  0   2  0  0  2/2   20 
Karlis Skrastins         0  0  0   0  0   2  0  0  0/0   21 
Michal Handzus           0  0  0   0  0   1  1  1  4/18  19 
Mike Weaver              0  0  0   0  2   2  0  0  0/0   21 
Peter Regin              0  0  0   0  0   0  0  0  0/0   3  
Radek Dvorak             0  0  0   0  17  1  2  0  0/0   5  
Roman Hamrlik            1  2  3  -1  0   1  1  0  0/0   22 
Scott Hannan             0  0  0   0  0   0  2  0  0/0   19 
Scott Nichol             0  0  0   0  2   0  0  0  1/2   4  
Stephen Weiss            1  2  3  -1  2   2  2  0  15/37 23 
Steve Sullivan           0  1  1  -1  0   0  0  0  0/2   16 
Sabres
Player Name              G  A  P  +/- PIM S  H  SB FO    MP 
------------------------------------------------------------
Andrej Sekera            0  0  0   0  0   1  1  0  0/0   21 
Brad Stuart              0  0  0   0  2   0  0  0  0/0   21 
Brett Sterling           0  0  0   0  0   0  0  0  0/2   6  
Chris Stewart            0  0  0   0  0   1  0  1  1/2   15 
Dan Cleary               0  1  1   1  5   2  1  0  0/1   13 
David Legwand            1  0  1   0  0   1  0  0  15/30 20 
Grant Clitsome           0  0  0   0  0   1  0  0  0/0   5  
Jay Bouwmeester          0  1  1   0  0   1  0  2  0/0   22 
Jordan Staal             1  0  1   1  2   4  1  0  8/14  14 
Karl Alzner              0  0  0   1  0   0  1  0  0/0   13 
Marian Hossa             0  0  0   0  0   6  0  0  0/0   18 
Mike Knuble              0  0  0   1  0   1  0  0  1/2   21 
Mike Richards            0  0  0   0  2   3  3  0  26/37 20 
Ryan Carter              0  0  0   0  0   0  0  0  1/6   5  
Thomas Vanek             0  0  0   0  0   6  0  0  3/3   20 
Trevor Daley             0  1  1   1  0   0  0  2  0/0   16 
Tuomo Ruutu              0  1  1   0  2   0  1  0  0/1   19 
Tyler Myers              0  0  0   0  4   1  3  1  0/0   20 

3 Stars

1 - Dany Heatley (EDM)
2 - Roman Hamrlik (EDM)
3 - Stephen Weiss (EDM)

Power Play

Oilers - 4 on 5 Attempt(s) - 80.00%
Sabres - 1 on 6 Attempt(s) - 16.67%

Penalty Kill

Oilers - 5 on 6 Attempt(s) - 83.33% - Score 0 goal in Penalty Kill
Sabres - 1 on 5 Attempt(s) - 20.00% - Score 0 goal in Penalty Kill

Game Notes

Dan Cleary and Radek Dvorak fight to a draw at 15:47 of 1st period
Radek Dvorak ejected from game at 15:47 of 1st period

Finance

Level 1 -- Attendance: 6500 (100.00%) -- Ticket Income $559,000.00
Level 2 -- Attendance: 5000 (100.00%) -- Ticket Income $250,000.00
Level 3 -- Attendance: 3500 (100.00%) -- Ticket Income $105,000.00
Level 4 -- Attendance: 2690 (100.00%) -- Ticket Income $51,110.00
Luxury Box -- Attendance: 1000 (100.00%) -- Ticket Income $166,000.00
Game was played at the HSBC Arena
Total Attendance: 18690 (100.00%)
Total Ticket Income: $1,229,785.00
Other Income: $211,463.40
Total Income: $1,441,247.00


Play by Play

Period #1

0:01 of 1st period - Stephen Weiss wins face-off versus Mike Richards in neutral zone.
0:23 of 1st period - Shot by Stephen Weiss.
0:23 of 1st period - Deflect By Dany Heatley.
0:23 of 1st period - Stopped by Corey Crawford without a rebound.
0:24 of 1st period - Derek Roy wins face-off versus David Legwand in Sabres zone.
0:46 of 1st period - Icing by Jay Bouwmeester.
0:47 of 1st period - David Legwand wins face-off versus Michal Handzus in Sabres zone.
1:06 of 1st period - Shot by Chris Stewart.
1:06 of 1st period - Shot Hit the Post.
1:08 of 1st period - Shot by Tyler Myers.
1:08 of 1st period - Stopped by Kari Lehtonen without a rebound.
1:09 of 1st period - Mike Richards wins face-off versus Stephen Weiss in Oilers zone.
1:26 of 1st period - Shot by Marian Hossa.
1:26 of 1st period - Shot Blocked by Chris Phillips.
1:28 of 1st period - Shot by Marian Hossa.
1:28 of 1st period - Shot Misses the Net.
1:30 of 1st period - Shot by Marian Hossa.
1:30 of 1st period - Shot Misses the Net.
1:32 of 1st period - Shot by Marian Hossa.
1:32 of 1st period - Stopped by Kari Lehtonen without a rebound.
1:33 of 1st period - Derek Roy wins face-off versus Jordan Staal in Oilers zone.
2:00 of 1st period - Shot by Derek Roy.
2:00 of 1st period - Shot Blocked by Trevor Daley.
2:02 of 1st period - Shot by Mike Weaver.
2:02 of 1st period - Stopped by Corey Crawford without a rebound.
2:03 of 1st period - Michal Handzus wins face-off versus Mike Richards in Sabres zone.
2:24 of 1st period - Shot by Jochen Hecht.
2:24 of 1st period - Shot Misses the Net.
2:26 of 1st period - Shot by Radek Dvorak.
2:26 of 1st period - Deflect By Michal Handzus.
2:26 of 1st period - Stopped by Corey Crawford without a rebound.
2:27 of 1st period - Stephen Weiss wins face-off versus David Legwand in Sabres zone.
2:29 of 1st period - Minor Penalty to Tyler Myers for Boarding.
2:30 of 1st period - David Legwand wins face-off versus Stephen Weiss in Sabres zone.
2:39 of 1st period - Shot by Dany Heatley.
2:39 of 1st period - Stopped by Corey Crawford with a rebound.
2:43 of 1st period - Shot by Stephen Weiss.
2:43 of 1st period - Goal by Stephen Weiss - Oilers : 1 - Sabres : 0.
2:44 of 1st period - Mike Knuble wins face-off versus Derek Roy in neutral zone.
2:51 of 1st period - Shot by Andrew Ladd.
2:51 of 1st period - Shot Misses the Net.
2:53 of 1st period - Shot by Andrew Ladd.
2:53 of 1st period - Stopped by Corey Crawford with a rebound.
2:55 of 1st period - Shot by Mike Weaver.
2:55 of 1st period - Stopped by Corey Crawford with a rebound.
2:57 of 1st period - Shot by Karlis Skrastins.
2:57 of 1st period - Deflect By Derek Roy.
2:57 of 1st period - Stopped by Corey Crawford with a rebound.
2:59 of 1st period - Shot by Derek Roy.
2:59 of 1st period - Stopped by Corey Crawford with a rebound.
3:01 of 1st period - Shot by Adam Burish.
3:01 of 1st period - Stopped by Corey Crawford without a rebound.
3:02 of 1st period - Dany Heatley wins face-off versus David Legwand in Sabres zone.
3:09 of 1st period - Shot by Dany Heatley.
3:09 of 1st period - Shot Misses the Net.
3:12 of 1st period - Minor Penalty to Stephen Weiss for Holding.
3:13 of 1st period - Mike Richards wins face-off versus Michal Handzus in Oilers zone.
3:31 of 1st period - Icing by Mike Richards.
3:32 of 1st period - Mike Richards wins face-off versus Derek Roy in Sabres zone.
3:34 of 1st period - Icing by Brad Stuart.
3:35 of 1st period - Mike Richards wins face-off versus Derek Roy in Sabres zone.
5:33 of 1st period - Shot by Dany Heatley.
5:33 of 1st period - Deflect By Stephen Weiss.
5:33 of 1st period - Shot Misses the Net.
5:37 of 1st period - Shot by Stephen Weiss.
5:37 of 1st period - Shot Misses the Net.
5:39 of 1st period - Shot by Roman Hamrlik.
5:39 of 1st period - Deflect By Dany Heatley.
5:39 of 1st period - Shot Misses the Net.
5:59 of 1st period - Shot by Jochen Hecht.
5:59 of 1st period - Shot Misses the Net.
6:01 of 1st period - Shot by Michal Handzus.
6:01 of 1st period - Shot Misses the Net.
6:10 of 1st period - Dan Cleary is hit by Radek Dvorak and loses puck.
6:20 of 1st period - Trevor Daley is hit by Scott Hannan and loses puck.
7:01 of 1st period - Icing by Mike Weaver.
7:02 of 1st period - Derek Roy wins face-off versus Ryan Carter in Oilers zone.
7:14 of 1st period - Off-side.
7:15 of 1st period - David Legwand wins face-off versus Stephen Weiss in neutral zone.
7:37 of 1st period - Stephen Weiss is hit by Tyler Myers and loses puck.
7:46 of 1st period - Shot by Dany Heatley.
7:46 of 1st period - Stopped by Corey Crawford without a rebound.
7:47 of 1st period - Mike Richards wins face-off versus Michal Handzus in Sabres zone.
7:57 of 1st period - Icing by Radek Dvorak.
7:58 of 1st period - Mike Richards wins face-off versus Michal Handzus in Oilers zone.
8:09 of 1st period - Shot by Radek Dvorak.
8:09 of 1st period - Stopped by Corey Crawford without a rebound.
8:10 of 1st period - Derek Roy wins face-off versus Brett Sterling in Sabres zone.
8:19 of 1st period - Shot by Derek Roy.
8:19 of 1st period - Shot Misses the Net.
8:21 of 1st period - Shot by Karlis Skrastins.
8:21 of 1st period - Stopped by Corey Crawford with a rebound.
8:23 of 1st period - Shot by Adam Burish.
8:23 of 1st period - Stopped by Corey Crawford without a rebound.
8:24 of 1st period - Mike Richards wins face-off versus Stephen Weiss in Sabres zone.
8:35 of 1st period - Shot by Mike Richards.
8:35 of 1st period - Stopped by Kari Lehtonen without a rebound.
8:36 of 1st period - David Legwand wins face-off versus Derek Roy in Oilers zone.
9:01 of 1st period - Tuomo Ruutu is hit by Adam Burish and loses puck.
9:06 of 1st period - Shot by Derek Roy.
9:06 of 1st period - Shot Misses the Net.
9:19 of 1st period - Minor Penalty to Mike Richards for Tripping.
9:20 of 1st period - Thomas Vanek wins face-off versus Stephen Weiss in Sabres zone.
9:46 of 1st period - Icing by Chris Phillips.
9:47 of 1st period - David Legwand wins face-off versus Steve Sullivan in Oilers zone.
9:49 of 1st period - Tuomo Ruutu is hit by Chris Phillips and loses puck.
9:58 of 1st period - Shot by Tuomo Ruutu.
9:58 of 1st period - Deflect By David Legwand.
9:58 of 1st period - Shot Misses the Net.
10:24 of 1st period - Shot by Andrew Ladd.
10:24 of 1st period - Stopped by Corey Crawford with a rebound.
10:41 of 1st period - Icing by Derek Roy.
10:42 of 1st period - Thomas Vanek wins face-off versus Derek Roy in Oilers zone.
11:15 of 1st period - Shot by Dany Heatley.
11:15 of 1st period - Goal by Dany Heatley - Oilers : 2 - Sabres : 0.
11:16 of 1st period - Jordan Staal wins face-off versus Michal Handzus in neutral zone.
11:22 of 1st period - Jordan Staal is hit by Brent Sopel and loses puck.
11:45 of 1st period - Mike Knuble is hit by Radek Dvorak and loses puck.
12:02 of 1st period - Brent Sopel is hit by Karl Alzner.
12:05 of 1st period - Icing by Jordan Staal.
12:06 of 1st period - Jordan Staal wins face-off versus Scott Nichol in Sabres zone.
12:33 of 1st period - Icing by Brad Stuart.
12:34 of 1st period - Stephen Weiss wins face-off versus Mike Richards in Sabres zone.
12:36 of 1st period - Minor Penalty to Brad Stuart for Slashing.
12:37 of 1st period - Dany Heatley wins face-off versus David Legwand in Sabres zone.
12:49 of 1st period - Icing by Roman Hamrlik.
12:50 of 1st period - David Legwand wins face-off versus Stephen Weiss in Oilers zone.
13:13 of 1st period - Shot by Roman Hamrlik.
13:13 of 1st period - Goal by Roman Hamrlik - Oilers : 3 - Sabres : 0.
13:14 of 1st period - Derek Roy wins face-off versus David Legwand in neutral zone.
13:33 of 1st period - Shot by David Legwand.
13:33 of 1st period - Shot Misses the Net.
13:43 of 1st period - Icing by Derek Roy.
13:44 of 1st period - Mike Richards wins face-off versus Derek Roy in Oilers zone.
13:45 of 1st period - Shot by Marian Hossa.
13:45 of 1st period - Shot Hit the Post.
13:47 of 1st period - Shot by Mike Richards.
13:47 of 1st period - Shot Misses the Net.
13:49 of 1st period - Shot by Mike Richards.
13:49 of 1st period - Shot Misses the Net.
13:57 of 1st period - Shot by Mike Richards.
13:57 of 1st period - Deflect By Thomas Vanek.
13:57 of 1st period - Stopped by Kari Lehtonen without a rebound.
13:58 of 1st period - Jordan Staal wins face-off versus Michal Handzus in Oilers zone.
13:58 of 1st period - Trevor Daley is hit by Brent Sopel and loses puck.
14:15 of 1st period - Shot by Jochen Hecht.
14:15 of 1st period - Stopped by Corey Crawford without a rebound.
14:16 of 1st period - Mike Richards wins face-off versus Stephen Weiss in Sabres zone.
15:42 of 1st period - Shot by Dan Cleary.
15:42 of 1st period - Shot Blocked by Brent Sopel.
15:47 of 1st period - Dan Cleary and Radek Dvorak fight to a draw.
15:47 of 1st period - Penalty to Dan Cleary for Fighting.
15:47 of 1st period - Penalty to Radek Dvorak for Fighting.
15:47 of 1st period - Penalty to Radek Dvorak for instigated a fight.
15:47 of 1st period - Radek Dvorak is ejected from game.
15:48 of 1st period - Stephen Weiss wins face-off versus David Legwand in Oilers zone.
16:03 of 1st period - Shot by Jay Bouwmeester.
16:03 of 1st period - Shot Misses the Net.
16:07 of 1st period - Shot by David Legwand.
16:07 of 1st period - Goal by David Legwand - Oilers : 3 - Sabres : 1.
16:08 of 1st period - Derek Roy wins face-off versus Ryan Carter in neutral zone.
17:50 of 1st period - Dany Heatley is hit by Mike Richards and loses puck.
17:56 of 1st period - Icing by Chris Phillips.
17:57 of 1st period - Stephen Weiss wins face-off versus David Legwand in Oilers zone.
18:04 of 1st period - Shot by Dany Heatley.
18:04 of 1st period - Shot Misses the Net.
18:08 of 1st period - Shot by Dany Heatley.
18:08 of 1st period - Shot Misses the Net.
18:10 of 1st period - Shot by Dany Heatley.
18:10 of 1st period - Shot Blocked by Trevor Daley.
18:12 of 1st period - Shot by Stephen Weiss.
18:12 of 1st period - Shot Misses the Net.
18:14 of 1st period - Shot by Chris Phillips.
18:14 of 1st period - Stopped by Corey Crawford without a rebound.
18:15 of 1st period - Derek Roy wins face-off versus Mike Richards in Sabres zone.
18:24 of 1st period - Shot by Andrew Ladd.
18:24 of 1st period - Stopped by Corey Crawford without a rebound.
18:25 of 1st period - Stephen Weiss wins face-off versus Tuomo Ruutu in Sabres zone.
18:46 of 1st period - Shot by Tuomo Ruutu.
18:46 of 1st period - Shot Misses the Net.
19:14 of 1st period - Icing by Thomas Vanek.
19:15 of 1st period - Jordan Staal wins face-off versus Michal Handzus in Sabres zone.
19:24 of 1st period - Shot by Michal Handzus.
19:24 of 1st period - Deflect By Derek Roy.
19:24 of 1st period - Stopped by Corey Crawford without a rebound.
19:25 of 1st period - Derek Roy wins face-off versus Jordan Staal in Sabres zone.
19:36 of 1st period - Icing by Karl Alzner.
19:37 of 1st period - Jordan Staal wins face-off versus Michal Handzus in Sabres zone.
19:37 of 1st period - Thomas Vanek is hit by Michal Handzus and loses puck.

Period #2

0:01 of 2nd period - Mike Richards wins face-off versus Stephen Weiss in neutral zone.
0:10 of 2nd period - Steve Sullivan is hit by Mike Richards and loses puck.
0:14 of 2nd period - Icing by Roman Hamrlik.
0:15 of 2nd period - Stephen Weiss wins face-off versus David Legwand in Oilers zone.
1:29 of 2nd period - Icing by Brad Stuart.
1:30 of 2nd period - Michal Handzus wins face-off versus Mike Richards in Sabres zone.
1:44 of 2nd period - Shot by Mike Richards.
1:44 of 2nd period - Shot Blocked by Michal Handzus.
1:46 of 2nd period - Shot by Mike Richards.
1:46 of 2nd period - Stopped by Kari Lehtonen without a rebound.
1:47 of 2nd period - Derek Roy wins face-off versus Jordan Staal in Oilers zone.
1:47 of 2nd period - Derek Roy is hit by Dan Cleary.
1:56 of 2nd period - Minor Penalty to Jordan Staal for Hooking.
1:57 of 2nd period - Andrew Ladd wins face-off versus Mike Richards in Sabres zone.
2:34 of 2nd period - Icing by Mike Weaver.
2:35 of 2nd period - David Legwand wins face-off versus Derek Roy in Oilers zone.
3:04 of 2nd period - Shot by Stephen Weiss.
3:04 of 2nd period - Shot Blocked by Tyler Myers.
3:14 of 2nd period - Shot by Roman Hamrlik.
3:14 of 2nd period - Shot Misses the Net.
3:16 of 2nd period - Shot by Chris Phillips.
3:16 of 2nd period - Stopped by Corey Crawford without a rebound.
3:17 of 2nd period - Stephen Weiss wins face-off versus Mike Richards in Sabres zone.
3:42 of 2nd period - Shot by Stephen Weiss.
3:42 of 2nd period - Shot Misses the Net.
3:46 of 2nd period - Shot by Dany Heatley.
3:46 of 2nd period - Goal by Dany Heatley - Oilers : 4 - Sabres : 1.
3:47 of 2nd period - Jochen Hecht wins face-off versus Jordan Staal in neutral zone.
4:19 of 2nd period - Icing by Brent Sopel.
4:20 of 2nd period - Ryan Carter wins face-off versus Michal Handzus in Oilers zone.
5:14 of 2nd period - Shot by Roman Hamrlik.
5:14 of 2nd period - Shot Blocked by Jay Bouwmeester.
5:16 of 2nd period - Shot by Adam Burish.
5:16 of 2nd period - Shot Misses the Net.
6:17 of 2nd period - Icing by Brad Stuart.
6:18 of 2nd period - Mike Richards wins face-off versus Stephen Weiss in Sabres zone.
6:47 of 2nd period - Icing by Andrej Sekera.
6:48 of 2nd period - Mike Richards wins face-off versus Derek Roy in Sabres zone.
7:30 of 2nd period - Off-side.
7:31 of 2nd period - Adam Burish wins face-off versus Jordan Staal in neutral zone.
7:49 of 2nd period - Icing by Jordan Staal.
7:50 of 2nd period - Stephen Weiss wins face-off versus Jordan Staal in Sabres zone.
8:07 of 2nd period - Shot by Dany Heatley.
8:07 of 2nd period - Shot Misses the Net.
8:09 of 2nd period - Shot by Stephen Weiss.
8:09 of 2nd period - Shot Misses the Net.
8:11 of 2nd period - Shot by Stephen Weiss.
8:11 of 2nd period - Shot Misses the Net.
8:13 of 2nd period - Shot by Stephen Weiss.
8:13 of 2nd period - Deflect By Dany Heatley.
8:13 of 2nd period - Stopped by Corey Crawford without a rebound.
8:14 of 2nd period - Michal Handzus wins face-off versus Chris Stewart in Sabres zone.
8:14 of 2nd period - Michal Handzus is hit by Tyler Myers.
8:25 of 2nd period - Tyler Myers is hit by Scott Hannan and loses puck.
8:41 of 2nd period - Icing by Jay Bouwmeester.
8:42 of 2nd period - Derek Roy wins face-off versus David Legwand in Sabres zone.
8:45 of 2nd period - Shot by Derek Roy.
8:45 of 2nd period - Shot Misses the Net.
8:47 of 2nd period - Shot by Derek Roy.
8:47 of 2nd period - Shot Blocked by Chris Stewart.
8:49 of 2nd period - Shot by Andrew Ladd.
8:49 of 2nd period - Stopped by Corey Crawford without a rebound.
8:50 of 2nd period - Mike Richards wins face-off versus Steve Sullivan in Sabres zone.
8:50 of 2nd period - Mike Richards is hit by Dany Heatley.
8:53 of 2nd period - Minor Penalty to Dany Heatley for Holding.
8:54 of 2nd period - Mike Richards wins face-off versus Stephen Weiss in Oilers zone.
10:25 of 2nd period - Shot by Thomas Vanek.
10:25 of 2nd period - Stopped by Kari Lehtonen without a rebound.
10:26 of 2nd period - Mike Richards wins face-off versus Stephen Weiss in Oilers zone.
10:27 of 2nd period - Shot by Andrej Sekera.
10:27 of 2nd period - Stopped by Kari Lehtonen without a rebound.
10:28 of 2nd period - Mike Richards wins face-off versus Stephen Weiss in Oilers zone.
10:33 of 2nd period - Shot by Thomas Vanek.
10:33 of 2nd period - Stopped by Kari Lehtonen without a rebound.
10:34 of 2nd period - Stephen Weiss wins face-off versus David Legwand in Oilers zone.
11:21 of 2nd period - Dan Cleary is hit by Adam Burish and loses puck.
12:05 of 2nd period - Icing by Karl Alzner.
12:06 of 2nd period - Jordan Staal wins face-off versus Derek Roy in Sabres zone.
12:20 of 2nd period - Off-side.
12:21 of 2nd period - Mike Richards wins face-off versus Stephen Weiss in neutral zone.
12:32 of 2nd period - Shot by Marian Hossa.
12:32 of 2nd period - Shot Blocked by Chris Phillips.
15:11 of 2nd period - Shot by Dan Cleary.
15:11 of 2nd period - Stopped by Kari Lehtonen with a rebound.
15:13 of 2nd period - Shot by Jordan Staal.
15:13 of 2nd period - Goal by Jordan Staal - Oilers : 4 - Sabres : 2.
15:14 of 2nd period - Derek Roy wins face-off versus Mike Richards in neutral zone.
15:51 of 2nd period - Shot by Marian Hossa.
15:51 of 2nd period - Shot Misses the Net.
15:53 of 2nd period - Shot by Mike Richards.
15:53 of 2nd period - Shot Misses the Net.
16:19 of 2nd period - Stephen Weiss is hit by Jordan Staal and loses puck.
16:32 of 2nd period - Trevor Daley is hit by Stephen Weiss and loses puck.
16:48 of 2nd period - Icing by Jochen Hecht.
16:49 of 2nd period - Michal Handzus wins face-off versus Ryan Carter in Oilers zone.
17:06 of 2nd period - Shot by Grant Clitsome.
17:06 of 2nd period - Stopped by Kari Lehtonen without a rebound.
17:07 of 2nd period - Mike Richards wins face-off versus Adam Burish in Oilers zone.
17:07 of 2nd period - Mike Richards is hit by Chris Phillips.
17:25 of 2nd period - Shot by Marian Hossa.
17:25 of 2nd period - Stopped by Kari Lehtonen without a rebound.
17:26 of 2nd period - Stephen Weiss wins face-off versus David Legwand in Oilers zone.
17:26 of 2nd period - Minor Penalty to Tuomo Ruutu for Hooking.
17:26 of 2nd period - Minor Penalty to Chris Phillips for Hooking.
17:27 of 2nd period - Derek Roy wins face-off versus David Legwand in Oilers zone.
18:10 of 2nd period - Shot by Jochen Hecht.
18:10 of 2nd period - Stopped by Corey Crawford without a rebound.
18:11 of 2nd period - Andrew Ladd wins face-off versus Mike Richards in Sabres zone.
18:14 of 2nd period - Shot by Andrew Ladd.
18:14 of 2nd period - Shot Misses the Net.
18:29 of 2nd period - Icing by Karlis Skrastins.
18:30 of 2nd period - Andrew Ladd wins face-off versus Dan Cleary in Oilers zone.
18:35 of 2nd period - Shot by Andrew Ladd.
18:35 of 2nd period - Stopped by Corey Crawford with a rebound.
18:37 of 2nd period - Shot by Karlis Skrastins.
18:37 of 2nd period - Stopped by Corey Crawford without a rebound.
18:38 of 2nd period - Mike Richards wins face-off versus Derek Roy in Sabres zone.
19:02 of 2nd period - Shot by Dan Cleary.
19:02 of 2nd period - Shot Misses the Net.
19:04 of 2nd period - Shot by Dan Cleary.
19:04 of 2nd period - Stopped by Kari Lehtonen without a rebound.
19:05 of 2nd period - Stephen Weiss wins face-off versus Mike Knuble in Oilers zone.
19:49 of 2nd period - Shot by Dan Cleary.
19:49 of 2nd period - Deflect By Jordan Staal.
19:49 of 2nd period - Stopped by Kari Lehtonen with a rebound.

Period #3

0:01 of 3rd period - Mike Richards wins face-off versus Stephen Weiss in neutral zone.
0:04 of 3rd period - Shot by Thomas Vanek.
0:04 of 3rd period - Stopped by Kari Lehtonen without a rebound.
0:05 of 3rd period - David Legwand wins face-off versus Derek Roy in Oilers zone.
1:25 of 3rd period - Shot by Stephen Weiss.
1:25 of 3rd period - Shot Misses the Net.
2:32 of 3rd period - Icing by Scott Hannan.
2:33 of 3rd period - David Legwand wins face-off versus Michal Handzus in Oilers zone.
2:34 of 3rd period - Shot by Tuomo Ruutu.
2:34 of 3rd period - Shot Blocked by Brent Sopel.
3:09 of 3rd period - Minor Penalty to Tyler Myers for Hooking.
3:10 of 3rd period - Mike Richards wins face-off versus Derek Roy in Sabres zone.
4:01 of 3rd period - Dany Heatley is hit by Mike Richards and loses puck.
4:09 of 3rd period - Shot by Dany Heatley.
4:09 of 3rd period - Shot Hit the Post.
4:13 of 3rd period - Shot by Stephen Weiss.
4:13 of 3rd period - Shot Blocked by Jay Bouwmeester.
4:46 of 3rd period - Icing by Stephen Weiss.
4:47 of 3rd period - Stephen Weiss wins face-off versus David Legwand in Oilers zone.
4:54 of 3rd period - Andrej Sekera is hit by Stephen Weiss and loses puck.
5:08 of 3rd period - Andrew Ladd is hit by Andrej Sekera and loses puck.
5:46 of 3rd period - Off-side.
5:47 of 3rd period - Derek Roy wins face-off versus Brett Sterling in neutral zone.
6:04 of 3rd period - Shot by Grant Clitsome.
6:04 of 3rd period - Shot Misses the Net.
6:08 of 3rd period - Shot by Mike Knuble.
6:08 of 3rd period - Stopped by Kari Lehtonen without a rebound.
6:09 of 3rd period - Scott Nichol wins face-off versus David Legwand in Oilers zone.
6:09 of 3rd period - Scott Nichol is hit by Tuomo Ruutu.
7:11 of 3rd period - Stephen Weiss is hit by Tyler Myers.
7:24 of 3rd period - Minor Penalty to Scott Nichol for Boarding.
7:25 of 3rd period - Jochen Hecht wins face-off versus Mike Richards in Oilers zone.
8:18 of 3rd period - Off-side.
8:19 of 3rd period - Mike Richards wins face-off versus Stephen Weiss in neutral zone.
9:01 of 3rd period - Icing by Mike Knuble.
9:02 of 3rd period - Stephen Weiss wins face-off versus David Legwand in Sabres zone.
11:37 of 3rd period - Shot by Stephen Weiss.
11:37 of 3rd period - Stopped by Corey Crawford without a rebound.
11:38 of 3rd period - Jordan Staal wins face-off versus Stephen Weiss in Sabres zone.
12:41 of 3rd period - Tuomo Ruutu is hit by Roman Hamrlik and loses puck.
13:06 of 3rd period - Shot by Marian Hossa.
13:06 of 3rd period - Stopped by Kari Lehtonen without a rebound.
13:07 of 3rd period - Derek Roy wins face-off versus Ryan Carter in Oilers zone.
13:12 of 3rd period - Shot by Andrew Ladd.
13:12 of 3rd period - Stopped by Corey Crawford without a rebound.
13:13 of 3rd period - Derek Roy wins face-off versus Ryan Carter in Sabres zone.
13:32 of 3rd period - Shot by Andrew Ladd.
13:32 of 3rd period - Shot Misses the Net.
14:01 of 3rd period - Minor Penalty to Mike Weaver for Tripping.
14:02 of 3rd period - Mike Richards wins face-off versus Michal Handzus in Oilers zone.
14:03 of 3rd period - Shot by Chris Stewart.
14:03 of 3rd period - Deflect By Thomas Vanek.
14:03 of 3rd period - Stopped by Kari Lehtonen without a rebound.
14:04 of 3rd period - Mike Richards wins face-off versus Michal Handzus in Oilers zone.
14:05 of 3rd period - Shot by Chris Stewart.
14:05 of 3rd period - Shot Blocked by Derek Roy.
14:21 of 3rd period - Mike Richards is hit by Derek Roy and loses puck.
14:26 of 3rd period - Shot by Thomas Vanek.
14:26 of 3rd period - Stopped by Kari Lehtonen without a rebound.
14:27 of 3rd period - David Legwand wins face-off versus Michal Handzus in Oilers zone.
16:28 of 3rd period - Shot by Jordan Staal.
16:28 of 3rd period - Stopped by Kari Lehtonen with a rebound.
16:38 of 3rd period - Shot by Dan Cleary.
16:38 of 3rd period - Deflect By Jordan Staal.
16:38 of 3rd period - Stopped by Kari Lehtonen without a rebound.
16:39 of 3rd period - David Legwand wins face-off versus Stephen Weiss in Oilers zone.
16:42 of 3rd period - Shot by Chris Stewart.
16:42 of 3rd period - Stopped by Kari Lehtonen without a rebound.
16:43 of 3rd period - David Legwand wins face-off versus Adam Burish in Oilers zone.
16:54 of 3rd period - Shot by Chris Stewart.
16:54 of 3rd period - Shot Misses the Net.
17:22 of 3rd period - Brad Stuart is hit by Adam Burish and loses puck.
17:35 of 3rd period - Shot by Mike Richards.
17:35 of 3rd period - Stopped by Kari Lehtonen without a rebound.
17:36 of 3rd period - Stephen Weiss wins face-off versus Mike Richards in Oilers zone.
17:43 of 3rd period - Shot by Marian Hossa.
17:43 of 3rd period - Stopped by Kari Lehtonen without a rebound.
17:44 of 3rd period - Jordan Staal wins face-off versus Stephen Weiss in Oilers zone.
18:12 of 3rd period - Icing by Roman Hamrlik.
18:13 of 3rd period - Thomas Vanek wins face-off versus Stephen Weiss in Oilers zone.
18:20 of 3rd period - Shot by Marian Hossa.
18:20 of 3rd period - Stopped by Kari Lehtonen without a rebound.
18:21 of 3rd period - David Legwand wins face-off versus Derek Roy in Oilers zone.
18:26 of 3rd period - Shot by Chris Stewart.
18:26 of 3rd period - Shot Misses the Net.
18:28 of 3rd period - Shot by Tyler Myers.
18:28 of 3rd period - Shot Misses the Net.
18:30 of 3rd period - Shot by Tuomo Ruutu.
18:30 of 3rd period - Shot Blocked by Andrew Ladd.
18:35 of 3rd period - Icing by Karlis Skrastins.
18:36 of 3rd period - Mike Richards wins face-off versus Derek Roy in Oilers zone.
18:37 of 3rd period - Shot by Marian Hossa.
18:37 of 3rd period - Stopped by Kari Lehtonen with a rebound.
19:07 of 3rd period - Icing by Brad Stuart.
19:08 of 3rd period - Mike Richards wins face-off versus Stephen Weiss in Sabres zone.
19:08 of 3rd period - Minor Penalty to Adam Burish for High sticking.
19:09 of 3rd period - David Legwand wins face-off versus Stephen Weiss in Oilers zone.
19:31 of 3rd period - Icing by Jay Bouwmeester.
19:32 of 3rd period - David Legwand wins face-off versus Stephen Weiss in Sabres zone.
19:50 of 3rd period - Shot by Marian Hossa.
19:50 of 3rd period - Shot Misses the Net.
19:52 of 3rd period - Shot by Jay Bouwmeester.
19:52 of 3rd period - Stopped by Kari Lehtonen without a rebound.
19:53 of 3rd period - Chris Stewart wins face-off versus Michal Handzus in Oilers zone.


Output by the SimonT Hockey Simulator (STHS) for Stephane Roy -- Original Page W3C XHTML 1.0 Valid